 Dungeon Crawl Stone Soup version 0.20.0-15-g7f486f2 (webtiles) character file.

1203 Devirk the Firebug (level 8, -1/59 HPs)
             Began as a Yellow Draconian Fire Elementalist on June 15, 2017.
             Was a Believer of Sif Muna.
             Slain by a bullfrog (5 damage)
             ... on level 6 of the Dungeon on June 18, 2017.
             The game lasted 01:57:22 (7381 turns).

Devirk the Firebug (DrFE)                           Turns: 7381, Time: 01:57:30

Health: -1/59      AC:  8    Str: 10    XL:     8   Next: 21%
Magic:  13/15      EV: 13    Int: 18    God:    Sif Muna [**....]
Gold:   264        SH:  0    Dex: 12    Spells: 10/17 levels left

rFire    . . .     SeeInvis .   f - +0 spear
rCold    . . .     Gourm    .   (no shield)
rNeg     . . .     Faith    .   (armour unavailable)
rPois    .         Spirit   .   (helmet restricted)
rElec    .         Reflect  .   i - +1 cloak
rCorr    +         Harm     .   (no gloves)
MR       .....                  (no boots)
Stlth    ++........             (no amulet)
Regen    0.2/turn               (no ring)
MPRegen  0.2/turn               (no ring)

@: very slightly contaminated
A: spit acid, acid resistance, unfitting armour, cold-blooded, AC +6
a: Breathe Acid, Divine Energy, Renounce Religion


You were on level 6 of the Dungeon.
You worshipped Sif Muna.
Sif Muna was pleased with you.
You were not hungry.

You visited 2 branches of the dungeon, and saw 7 of its levels.

You collected 264 gold pieces.

Inventory:

Hand Weapons
 e - a +4 war axe of freezing
 f - a +0 spear (weapon)
Armour
 i - a +1 cloak (worn)
Jewellery
 g - a cursed amulet of the gourmand
 h - a +2 ring of evasion {unknown}
 j - a +3 ring of intelligence {unknown}
 k - an uncursed ring of positive energy {unknown}
 q - an uncursed ring of resist corrosion {unknown}
 t - an uncursed ring of ice {unknown}
 C - an uncursed amulet of harm {unknown}
Wands
 n - a wand of polymorph (0/24)
Scrolls
 l - a scroll of enchant weapon {unknown}
 m - a scroll of enchant armour
 p - a scroll of magic mapping
 u - 2 scrolls of teleportation
 y - a scroll of remove curse {unknown}
 z - a scroll of immolation {unknown}
Potions
 b - a potion of brilliance {unknown}
 c - 2 potions of might
 s - a potion of agility {unknown}
 w - a potion of lignification {unknown}
 x - a potion of curing {unknown}
 B - a potion of resistance {unknown}
Books
 a - a book of Flames

   Spells                             Type                      Level
   a - Flame Tongue                   Conjuration/Fire             1
   b - Throw Flame                    Conjuration/Fire             2
   c - Conjure Flame                  Conjuration/Fire             3
   d - Inner Flame                    Hexes/Fire                   3
   e - Sticky Flame                   Conjuration/Fire             4
   f - Fireball                       Conjuration/Fire             5
 v - a book of Maledictions

   Spells                             Type                      Level
   a - Corona                         Hexes                        1
   b - Ensorcelled Hibernation        Hexes/Ice                    2
   c - Confuse                        Hexes                        3
   d - Tukima's Dance                 Hexes                        3
   e - Dazzling Spray                 Conjuration/Hexes            3
 A - a book of Minor Magic

   Spells                             Type                      Level
   a - Magic Dart                     Conjuration                  1
   b - Blink                          Translocation                2
   c - Call Imp                       Summoning                    2
   d - Slow                           Hexes                        2
   e - Conjure Flame                  Conjuration/Fire             3
   f - Mephitic Cloud                 Conjuration/Poison/Air       3
Comestibles
 o - a royal jelly
 r - 4 fruits


   Skills:
 + Level 1.5 Fighting
 + Level 3.4 Dodging
 + Level 2.3 Stealth
 + Level 0.6 Unarmed Combat
 + Level 5.3 Spellcasting
 + Level 4.4 Conjurations
 + Level 0.8 Summonings
 + Level 0.4 Translocations
 + Level 5.9 Fire Magic
 + Level 0.2 Evocations


You had 10 spell levels left.
You knew the following spells:

 Your Spells              Type           Power        Failure   Level  Hunger
a - Flame Tongue          Conj/Fire      ###..        1%          1    None
b - Throw Flame           Conj/Fire      ###...       2%          2    #......
c - Blink                 Tloc           N/A          17%         2    #......
d - Call Imp              Summ           #.......     14%         2    #......


Dungeon Overview and Level Annotations

Branches:
Dungeon (6/15)             Temple (1/1) D:5

Altars:
Ashenzari
Cheibriados
Dithmenos
Fedhas
Gozag
Hepliaklqana
Makhleb
Nemelex Xobeh
Qazlal
Ru
Sif Muna
Trog
Uskayaw
Vehumet
Yredelemnul
Zin
Lugonu

Annotations:
D:5 Menkaure


Innate Abilities, Weirdness & Mutations

You can spit globs of acid.
You are resistant to acid.
Your golden yellow scales are hard. (AC +6)
You cannot fit into any form of body armour.
You are cold-blooded and may be slowed by cold attacks.


Message History

Aim: a bullfrog (almost dead)
The flame tongue misses the bullfrog.
The flame tongue hits the orc priest.
The orc priest appears unharmed.
The orc priest is lightly wounded.
The bullfrog hits you.
* * * LOW HITPOINT WARNING * * *
Unknown command.
Casting: Flame Tongue
Confirm with . or Enter, or press ? or * to list all spells.
You don't have enough magic to cast that spell.
Magic courses through your body. The bullfrog hits you!
* * * LOW HITPOINT WARNING * * *
The bullfrog closely misses you.
Casting: Flame Tongue
Confirm with . or Enter, or press ? or * to list all spells.
You miscast Blink.
You are very lightly contaminated with residual magic.
The floor and the ceiling briefly switch places.
The bullfrog hits you.
You die...

****,* ##.###.#
,,,,,* ##...##.#
########..'..#.#
.........#'#...#
######..##.##..##
......)##.⌠.##..##
#####.##.....##.o#
.....##...'...##F#
###..#...#'#...#@#
#..'⌠.##.##.⌠+.#
#..#.##...##.#.#
#..###...).###.#
#..##.[..#..##.#
#..#....###..#.#
#......## ##...#
#.....## #####
#######


You could see a bullfrog and an orc priest.

Vanquished Creatures
  2 ice beasts
  4 ogres
  A howler monkey (D:5)
  A crimson imp (D:5)
  The ghost of letownia the Ruffian, a weakling VSFi (D:4)
  2 orc priests
  2 hounds
  A jelly (D:5)
  4 orc wizards
  3 worker ants
  A hound skeleton (D:5)
  4 gnolls (D:5)
  A howler monkey skeleton (D:4)
  A river rat (D:3)
  4 adders
  2 oozes
  3 worms
  3 dart slugs
  2 leopard geckos (D:3)
  15 orcs
  2 ball pythons
  8 bats
  9 giant cockroaches
  7 goblins
  5 hobgoblins
  17 jackals
  5 kobolds
  A quokka (D:2)
  4 frilled lizards
  13 rats
128 creatures vanquished.

Vanquished Creatures (others)
  An orc priest (D:6)
  A leopard gecko (D:6)
  An orc (D:6)
  A jackal (D:6)
4 creatures vanquished.

Grand Total: 132 creatures vanquished

Notes
Turn   | Place    | Note
-------+----------+-------------------------------------------
     0 | D:1      | Devirk the Draconian Fire Elementalist began the quest for the Orb.
     0 | D:1      | Reached XP level 1. HP: 14/14 MP: 3/3
   184 | D:1      | Reached XP level 2. HP: 7/20 MP: 0/5
   776 | D:1      | Reached XP level 3. HP: 25/27 MP: 2/6
  1544 | D:2      | Reached XP level 4. HP: 24/34 MP: 0/7
  1619 | D:2      | Found a stormy altar of Qazlal.
  1946 | D:2      | Reached skill level 1 in Fighting
  2181 | D:2      | Found a snail-covered altar of Cheibriados.
  2181 | D:2      | Found a hide-covered altar of Uskayaw.
  2189 | D:2      | Found a deep blue altar of Sif Muna.
  2192 | D:2      | Found a hazy altar of Hepliaklqana.
  2194 | D:2      | Found a shattered altar of Ashenzari.
  2207 | D:2      | Became a worshipper of Sif Muna the Loreminder
  2653 | D:3      | Noticed a centaur
  2653 | D:3      | an orc wizard changed into a centaur
  2912 | D:3      | Reached XP level 5. HP: 26/40 MP: 0/9
  3098 | D:3      | Learned a level 2 spell: Throw Flame
  3257 | D:3      | Found a bloodstained altar of Trog.
  3813 | D:4      | Noticed an ogre
  3843 | D:4      | Reached * piety under Sif Muna
  4024 | D:4      | Noticed letownia's ghost (weakling VSFi)
  4054 | D:4      | Killed letownia's ghost
  4374 | D:4      | Reached XP level 6. HP: 35/47 MP: 0/11
  4774 | D:4      | Found a sparkling altar of Nemelex Xobeh.
  4816 | D:5      | Entered Level 5 of the Dungeon
  5184 | D:5      | Found a staircase to the Ecumenical Temple.
  5197 | Temple   | Entered the Ecumenical Temple
  5472 | D:5      | Found a sacrificial altar of Ru.
  5481 | D:5      | Your scales start taking on a golden yellow colour.
  5481 | D:5      | Reached XP level 7. HP: 52/52 MP: 9/13
  5613 | D:5      | Learned a level 2 spell: Blink
  5616 | D:5      | Learned a level 2 spell: Call Imp
  5735 | D:5      | Found a shadowy altar of Dithmenos.
  6193 | D:5      | Noticed Menkaure
  6257 | D:5      | Reached skill level 5 in Fire Magic
  6412 | D:5      | Reached ** piety under Sif Muna
  7138 | D:6      | Reached XP level 8. HP: 59/59 MP: 3/15
  7196 | D:6      | Reached skill level 5 in Spellcasting
  7381 | D:6      | Slain by a bullfrog

Skill      XL: |  1  2  3  4  5  6  7  8 |
---------------+-------------------------+-----
Dodging        | 2 3 |  3.4
Fighting       | 1 |  1.5
Stealth        | 2 |  2.3
Conjurations   | 2 3 4 |  4.4
Spellcasting   | 3 4 5 |  5.3
Fire Magic     | 4 5 |  5.9
Unarmed Combat | |  0.6
Summonings     | |  0.8
Translocations | |  0.4
Evocations     | |  0.2

Action                   |  1- 3 |  4- 6 |  7- 9 || total
-------------------------+-------+-------+-------++-------
Melee: Unarmed           |    21 |       |       ||    21
       Tailslap          |     3 |     5 |     2 ||    10
       Spear             |     2 |    46 |    10 ||    58
 Cast: Flame Tongue      |    75 |   110 |    29 ||   214
       Throw Flame       |       |    51 |    59 ||   110
       Blink             |       |       |     1 ||     1
 Abil: Breathe Acid      |       |       |     3 ||     3
Evoke: Wand              |       |     6 |       ||     6
  Use: Scroll            |     5 |     9 |     1 ||    15
       Potion            |       |     6 |     1 ||     7
  Eat: Bread ration      |     1 |     2 |       ||     3
       Chunk             |     1 |       |     1 ||     2
       Royal jelly       |       |     1 |     1 ||     2
       Meat ration       |       |     1 |       ||     1
       Fruit             |       |       |     1 ||     1
Armor: Skin              |    20 |    54 |     9 ||    83
Dodge: Dodged            |    47 |    72 |    20 ||   139
